 Dungeon Crawl Stone Soup version 0.18.1-48-g4cf74bf (webtiles) character file.

12187 Kisielow the Carver (level 11, 0/95 HPs)
             Began as a Minotaur Fighter on Aug 8, 2016.
             Was the Champion of Okawaru.
             Slain by a seven-headed hydra (4 damage)
             ... on level 12 of the Dungeon.
             The game lasted 00:23:25 (10495 turns).

Kisielow the Carver (Minotaur Fighter)             Turns: 10495, Time: 00:23:26

Health: 0/95       AC: 21    Str: 25    XL:     11   Next: 59%
Magic:  16/16      EV: 11    Int:  7    God:    Okawaru [******]
Gold:   754        SH:  2    Dex:  5    Spells: 0 memorised, 10 levels left

rFire  + . .     SeeInvis .     N - +2 great sword (drain)
rCold  . . .     Gourm    .     G - +4 scale mail of Impermeability {Regen+ rCorr Dex-4 Stlth+}
rNeg   . . .     Faith    .     (shield currently unavailable)
rPois  .         Spirit   .     (helmet restricted)
rElec  .         Dismiss  .     v - +2 cloak
rCorr  +         Reflect  .     i - +2 pair of gloves
SustAt .         Harm     .     (no boots)
MR     +....                    y - amulet of regeneration
Stlth  ..........               D - +1 ring of evasion
                                t - ring of protection from fire

@: lethally poisoned (0 -> -5), somewhat resistant to hostile enchantments,
extremely unstealthy
A: retaliatory headbutt, beak, horns 2, talons 1, large bone plates 1, clever 1,
magic resistance 1, no device heal 1
a: Heroism, Finesse, Renounce Religion


You were on level 12 of the Dungeon.
You worshipped Okawaru.
Okawaru was exalted by your worship.
You were not hungry.

You visited 2 branches of the dungeon, and saw 13 of its levels.

You collected 754 gold pieces.

Inventory:

Hand Weapons
 a - a +0 long sword
 N - a +2 great sword of draining (weapon)
Armour
 c - a +0 shield
 i - a +2 pair of gloves (worn)
 v - a +2 cloak (worn)
 G - the +4 scale mail of Impermeability (worn) {Regen+ rCorr Dex-4 Stlth+}
   (You found it on level 5 of the Dungeon)

   It affects your dexterity (-4).
   It increases your rate of regeneration.
   It protects you from acid and corrosion.
   It makes you more stealthy.
Jewellery
 t - a ring of protection from fire (left hand)
 y - an amulet of regeneration (around neck)
 D - a +1 ring of evasion (right hand)
 I - an uncursed ring of protection from fire
Wands
 k - a wand of heal wounds (1/9)
 o - a wand of lightning (4/15)
 K - a wand of lightning (4/15)
 M - a wand of digging (8/24)
Scrolls
 e - 3 scrolls of recharging
 q - 3 scrolls of teleportation
 F - a scroll of remove curse
 J - a scroll of fog
Potions
 b - a potion of heal wounds {unknown}
 d - 3 potions of might
 g - 3 potions of agility
 h - a potion of resistance {unknown}
 j - 8 potions of curing
 m - a potion of invisibility
 n - a potion of haste {unknown}
 r - 2 potions of flight
 s - 4 potions of brilliance
 u - 2 potions of cure mutation
 w - 3 potions of berserk rage
 A - a potion of cancellation
 E - a potion of ambrosia
Books
 B - a book of Ice

   Spells                             Type                      Level
   a - Ice Form                       Ice/Transmutation            4
   b - Metabolic Englaciation         Hexes/Ice                    5
   c - Ozocubu's Refrigeration        Ice                          6
   d - Bolt of Cold                   Conjuration/Ice              6
   e - Freezing Cloud                 Conjuration/Ice/Air          6
   f - Simulacrum                     Ice/Necromancy               6
Comestibles
 f - 12 bread rations
 l - a royal jelly
 p - 11 chunks of flesh
 x - 4 meat rations
 z - 3 beef jerkies
 C - 7 fruits
 H - 7 slices of pizza


   Skills:
 - Level 8.7 Fighting
 - Level 10.6 Long Blades
 - Level 8.7 Armour
 - Level 8.8 Shields
 - Level 8.0 Invocations
 + Level 8.1 Evocations


You had 10 spell levels left.
You didn't know any spells.

Dungeon Overview and Level Annotations

Branches:
Dungeon (12/15)            Temple (1/1) D:6            Lair (0/8) D:8
    Orc (0/2) D:9

Altars:
Ashenzari
Cheibriados
Dithmenos
Elyvilon
Fedhas
Gozag
Kikubaaqudgha
Makhleb
Nemelex Xobeh
Okawaru
Pakellas
Qazlal
Ru
Sif Muna
Trog
Vehumet
Xom
Yredelemnul
Zin
The Shining One

Shops:
D:5 *   D:8 }

Annotations:
D:12 Josephine


Innate Abilities, Weirdness & Mutations

You reflexively headbutt those who attack you in melee.
You have a pair of horns on your head.
You have a beak for a mouth.
You have sharp toenails.
You are partially covered in large bone plates (AC +2, SH +2).
Your mind is acute. (Int +2)
You are resistant to hostile enchantments.
Potions and wands are less effective at restoring your health.


Message History

The seven-headed hydra bites you but does no damage. x5
Read which item? (? for menu, Esc to quit)
As you read the scroll labeled GADIUN KACSUHOIT, it crumbles to dust.
It is a scroll of enchant armour.
Enchant which item? (? for menu, Esc to quit)
Your +1 pair of gloves glows green for a moment.
You feel sick. The kobold hits you but does no damage.
You are more poisoned.
The wraith closely misses you.
The brown ugly thing stings you but does no damage.
The wraith hits you.
* * * LOW HITPOINT WARNING * * *
The wraith barely misses you. The kobold barely misses you.
Josephine hits you with a dagger.
* * * LOW HITPOINT WARNING * * *
The seven-headed hydra bites you!
* * * LOW HITPOINT WARNING * * *
The seven-headed hydra bites you but does no damage.
The seven-headed hydra bites you.
You die...

.......# .......# ..
.......# ... #.....##
.... .......#
########.... .......##
#........... ........#
#........... #.....#.##
#(.KKu......
#....##..####.KW@WK.....
.#.....#..##(..WD@K.....
..#.##.##.#((..YKZ......
#...........#.......#...
###..#.....##...........
###.#####.......).......
#.)..# ##...###.......#
..#..# ..... .........
.##..... ...... ###.#.


You could see a seven-headed hydra, Josephine, a brown ugly thing, 3 wraiths, an
ice beast, a big kobold, 5 kobolds and a centaur skeleton.

Vanquished Creatures
  A hydra (D:11)
  The ghost of sevenseve the Blocker, a novice MiFi of the Shining One (D:10)
  2 unseen horrors
  4 hill giants
  The ghost of Gargoyl the Covered, a novice DsAK of Lugonu (D:6)
  An ugly thing (D:11)
  Maurice (D:11)
  A komodo dragon (D:8)
  Grinder (D:3)
  A two-headed ogre (D:10)
  A slime creature (D:11)
  A wraith (D:11)
  A yak (D:7)
  A human (D:7)
  A water elemental (D:11)
  2 steam dragons
  Eustachio (D:4)
  A soldier ant (D:12)
  A mottled dragon (D:12)
  A water moccasin (D:9)
  4 phantoms
  A wasp (D:7)
  2 black bears
  3 orc warriors
  An ice beast (D:7)
  3 sky beasts
  An eye of draining (D:10)
  6 ogres
  5 centaurs
  The ghost of WobbleTop the Insei, an amateur OpTm (D:4)
  2 big kobolds
  4 giant frogs
  A gnoll sergeant (D:10)
  A wyvern zombie (D:11)
  4 scorpions
  6 killer bees (D:10)
  5 crimson imps
  A quasit (D:7)
  A giant frog zombie (D:11)
  A hound (D:8)
  Crazy Yiuf (D:3)
  5 orc priests
  4 jellies
  7 orc wizards
  4 iguanas
  Ijyb (D:3)
  5 worker ants
  A killer bee zombie (D:11)
  3 sheep (D:7)
  A hound zombie (D:7)
  A howler monkey zombie (D:8)
  Robin (D:4)
  A howler monkey skeleton (D:9)
  7 gnolls (D:10)
  5 adders
  2 shadow imps
  An ooze (D:3)
  An adder skeleton (D:9)
  A worm (D:6)
  2 dart slugs
  5 giant geckos
  36 orcs
  3 giant cockroaches
  19 goblins
  7 hobgoblins
  4 jackals (D:4)
  3 quokkas
  A ball python (D:2)
  5 bats
  2 giant gecko skeletons (D:6)
  2 giant newts
  A jackal skeleton (D:8)
  A jackal zombie (D:9)
  16 kobolds
  A quokka skeleton (D:4)
  6 rats
  A spectral orc (D:6)
245 creatures vanquished.

Vanquished Creatures (others)
  2 plants (D:8)
2 creatures vanquished.

Grand Total: 247 creatures vanquished

Notes
Turn   | Place    | Note
--------------------------------------------------------------
     0 | D:1      | Kisielow the Minotaur Fighter began the quest for the Orb.
     0 | D:1      | Reached XP level 1. HP: 19/19 MP: 0/0
   131 | D:1      | Reached skill level 3 in Long Blades
   282 | D:1      | Reached XP level 2. HP: 19/26 MP: 1/1
   779 | D:2      | Found an opulent altar of Gozag.
   929 | D:2      | Found a shimmering altar of Xom.
   935 | D:2      | Found a sparkling altar of Nemelex Xobeh.
   936 | D:2      | Found a blossoming altar of Fedhas.
   938 | D:2      | Found a stormy altar of Qazlal.
  1006 | D:2      | Found a white marble altar of Elyvilon.
  1134 | D:2      | Reached skill level 4 in Long Blades
  1134 | D:2      | Reached XP level 3. HP: 26/31 MP: 2/2
  1628 | D:3      | Noticed Grinder
  1632 | D:3      | Noticed Ijyb
  1638 | D:3      | Killed Grinder
  1638 | D:3      | Reached skill level 7 in Long Blades
  1638 | D:3      | Reached XP level 4. HP: 6/39 MP: 3/3
  1638 | D:3      | Reached XP level 5. HP: 7/45 MP: 4/4
  1639 | D:3      | Killed Ijyb
  1682 | D:3      | Reached XP level 6. HP: 13/52 MP: 5/5
  2114 | D:3      | Noticed Crazy Yiuf
  2121 | D:3      | Killed Crazy Yiuf
  2465 | D:3      | Found an oddly glowing altar of Pakellas.
  2843 | D:3      | Found a glowing silver altar of Zin.
  3151 | D:4      | Noticed Eustachio
  3171 | D:4      | Noticed WobbleTop's ghost (amateur OpTm)
  3195 | D:4      | Killed WobbleTop's ghost
  3208 | D:4      | Killed Eustachio
  3208 | D:4      | Reached XP level 7. HP: 43/60 MP: 6/6
  3211 | D:4      | Noticed Robin
  3226 | D:4      | Killed Robin
  3226 | D:4      | Reached skill level 8 in Long Blades
  3549 | D:4      | Found a shattered altar of Ashenzari.
  3617 | D:5      | Entered Level 5 of the Dungeon
  3617 | D:5      | Found Gozag's Platinum Reserve.
  3624 | D:5      | Found an opulent altar of Gozag.
  3648 | D:5      | Got a brightly glowing scale mail
  3674 | D:5      | Found an iron altar of Okawaru.
  3693 | D:5      | Became a worshipper of Warmaster Okawaru
  3874 | D:5      | Reached skill level 5 in Fighting
  3874 | D:5      | Reached skill level 5 in Armour
  4138 | D:5      | Reached skill level 5 in Shields
  4792 | D:5      | Identified the +4 scale mail of Impermeability {Regen+ rCorr Dex-4 Stlth+} (You found it on level 5 of the Dungeon)
  4853 | D:6      | Reached * piety under Okawaru
  4860 | D:6      | Gained mutation: You have a beak for a mouth. [mutagenic meat]
  4861 | D:6      | Gained mutation: You are partially covered in large bone plates (AC +2, SH +2). [mutagenic meat]
  4863 | D:6      | Gained mutation: Your mind is acute. (Int +2) [mutagenic meat]
  4928 | D:6      | Reached XP level 8. HP: 32/70 MP: 7/7
  4974 | D:6      | Found a basalt altar of Yredelemnul.
  5016 | D:6      | Found a sparkling altar of Nemelex Xobeh.
  5022 | D:6      | Found a bloodstained altar of Trog.
  5077 | D:6      | Noticed Gargoyl's ghost (novice DsAK)
  5125 | D:6      | Killed Gargoyl's ghost
  5125 | D:6      | Reached skill level 9 in Long Blades
  5323 | D:6      | Found a staircase to the Ecumenical Temple.
  5492 | Temple   | Entered the Ecumenical Temple
  5880 | D:7      | Reached ** piety under Okawaru
  6218 | D:7      | Reached XP level 9. HP: 79/79 MP: 8/8
  6431 | D:7      | Reached skill level 10 in Long Blades
  6610 | D:8      | Reached *** piety under Okawaru
  6780 | D:8      | Found Hunigoj's Gadget Shoppe.
  6925 | D:8      | Found a staircase to the Lair.
  6926 | D:8      | Noticed a komodo dragon
  6954 | D:8      | Killed a komodo dragon
  7333 | D:9      | Reached **** piety under Okawaru
  7366 | D:9      | Reached XP level 10. HP: 90/90 MP: 9/9
  7439 | D:9      | Noticed a hill giant
  7446 | D:9      | Killed a hill giant
  7686 | D:9      | Found a staircase to the Orcish Mines.
  8318 | D:10     | Entered Level 10 of the Dungeon
  8322 | D:10     | Noticed sevenseve's ghost (novice MiFi)
  8353 | D:10     | Killed sevenseve's ghost
  8353 | D:10     | Reached ***** piety under Okawaru
  8685 | D:10     | Killed an unseen horror
  8685 | D:10     | Reached skill level 5 in Invocations
  9017 | D:10     | Reached skill level 5 in Evocations
  9088 | D:10     | Noticed a hill giant
  9107 | D:10     | Killed a hill giant
  9302 | D:10     | Reached XP level 11. HP: 91/95 MP: 14/14
  9485 | D:11     | Received a gift from Okawaru
  9623 | D:11     | Noticed Maurice
  9673 | D:11     | Killed Maurice
  9755 | D:11     | Noticed a six-headed hydra
  9763 | D:11     | Killed a six-headed hydra
  9763 | D:11     | Reached ****** piety under Okawaru
  9987 | D:11     | Noticed a hill giant
 10000 | D:11     | Killed a hill giant
 10000 | D:11     | Received a gift from Okawaru
 10215 | D:11     | Killed an unseen horror
 10290 | D:11     | Noticed a cyan ugly thing
 10303 | D:11     | Killed a cyan ugly thing
 10445 | D:12     | Noticed a hill giant
 10455 | D:12     | Killed a hill giant
 10482 | D:12     | Noticed Josephine
 10483 | D:12     | Noticed a seven-headed hydra
 10487 | D:12     | Noticed a brown ugly thing
 10493 | D:12     | Gained mutation: Potions and wands are less effective at restoring your health. [potion of mutation]
 10493 | D:12     | Gained mutation: You have sharp toenails. [potion of mutation]
 10493 | D:12     | Gained mutation: You are resistant to hostile enchantments. [potion of mutation]
 10495 | D:12     | HP: 4/95 [seven-headed hydra (13)]
 10495 | D:12     | Slain by a seven-headed hydra

Skill      XL: |  1  2  3  4  5  6  7  8  9 10 11 |
---------------+----------------------------------+-----
Long Blades    | 3 4 7 8 9 10 | 10.6
Fighting       | 4 5 7 8 |  8.7
Armour         | 4 5 7 8 |  8.7
Shields        | 4 5 7 8 |  8.8
Invocations    | 6 8 |  8.0
Evocations     | 5 8 |  8.1

Action                   |  1- 3 |  4- 6 |  7- 9 | 10-12 || total
-------------------------+-------+-------+-------+-------++-------
Melee: Long sword        |    89 |    95 |   401 |   357 ||   942
       Headbutt          |    12 |    16 |    70 |    72 ||   170
       Peck              |       |       |    36 |    63 ||    99
       Great sword       |       |       |       |    64 ||    64
Invok: Heroism           |       |       |       |     1 ||     1
Evoke: Wand              |     2 |       |       |     7 ||     9
  Use: Potion            |     1 |       |     3 |     2 ||     6
       Scroll            |       |       |    14 |     4 ||    18
 Stab: Invisible         |       |       |     2 |       ||     2
  Eat: Chunk             |     2 |     5 |    17 |    12 ||    36
       Beef jerky        |       |       |     1 |       ||     1
Armor: Chain mail        |    50 |   117 |    45 |       ||   212
       Scale mail        |       |       |   130 |   319 ||   449
Dodge: Dodged            |    26 |    38 |   112 |   142 ||   318
Block: Shield            |    37 |    78 |   239 |   236 ||   590
       Other             |       |       |       |    10 ||    10
